 Dungeon Crawl Stone Soup version 0.27.1-33-g824d729ab1 (webtiles) character file.

Game seed: 516426771121627074

214 zeram the Magician (level 5, -1/29 HPs)
             Began as a Deep Elf Brigand on Dec 11, 2021.
             Killed from afar by an orc wizard (5 damage)
             ... with a magic dart
             ... on level 4 of the Dungeon.
             The game lasted 00:05:48 (3388 turns).

zeram the Magician (Deep Elf Brigand)               Turns: 3388, Time: 00:05:49

Health: -1/29      AC:  5    Str:  7 (8)  XL:     5   Next: 59%
Magic:  14/14      EV: 29    Int: 16 (17) God:
Gold:   141        SH:  0    Dex: 14 (16) Spells: 13/13 levels left

rFire    . . .     SeeInvis .   f - +1 dagger (drain)
rCold    . . .     Faith    .   (no shield)
rNeg     . . .     Spirit   .   b - +0 robe
rPois    .         Reflect  .   (no helmet)
rElec    .         Harm     .   c - +0 cloak
rCorr    .         Rampage  .   (no gloves)
Will     .....                  i - +1 pair of boots
Stlth    +++.......             j - amulet of the acrobat
HPRegen  0.09/turn              (no ring)
MPRegen  0.14/turn              (no ring)

@: acrobatic
A: no striking features
a: no special abilities


You were on level 4 of the Dungeon.
You visited 1 branch of the dungeon, and saw 4 of its levels.

You collected 141 gold pieces.

Inventory:

Hand Weapons
 a - a +2 dagger
 f - a +1 dagger of draining (weapon)
Missiles
 d - 29 poisoned darts (quivered)
 e - 2 curare-tipped darts
Armour
 b - a +0 robe (worn)
 c - a +0 cloak (worn)
 i - a +1 pair of boots (worn)
Jewellery
 j - an amulet of the acrobat (around neck)
Scrolls
 h - a scroll of amnesia
 k - a scroll of teleportation
 l - 2 scrolls of fear {unknown}
 m - a scroll of enchant armour {unknown}


   Skills:
 - Level 1.5 Fighting
 - Level 2.0 Short Blades
 - Level 2.0 Throwing
 + Level 4.8 Dodging
 - Level 4.8 Stealth
 * Level 4.9 Spellcasting


You had 13 spell levels left.
You didn't know any spells.
Your spell library was empty.

Dungeon Overview and Level Annotations

Branches:
Dungeon (4/15)
 Temple: D:4-7

Altars:
Yredelemnul

Annotations:
D:4 Sigmund


Message History

There was something very wrong with that liquid.
You feel weakened.
You feel dopey.
You feel clumsy.
An orc wizard appears from thin air!
Reactivating autopickup.
The orc wizard barely misses you.
You bump into the rock wall.
The orc wizard hits you but does no damage.
You're too confused to move!
The orc wizard hits you but does no damage.
You barely miss the orc wizard.
The orc wizard is severely wounded.
The orc wizard hits you but does no damage.
You closely miss the orc wizard.
The orc wizard is severely wounded.
You feel less confused. The orc wizard closely misses you.
You hit the orc wizard but do no damage.
The orc wizard is severely wounded.
The orc wizard hits you with a +0 dagger.
* * * LOW HITPOINT WARNING * * *
You hit the orc wizard.
The orc wizard is severely wounded.
The orc wizard misses you.
Unknown command.
You aren't carrying any potions.
You closely miss the orc wizard.
The orc wizard is severely wounded.
The orc wizard gestures wildly while chanting.
The orc wizard flickers and vanishes!
Deactivating autopickup; reactivate with Ctrl-A.
You hear some strange, mumbled words.
A puff of flame appears from out of thin air!
The puff of flame hits you.
* * * LOW HITPOINT WARNING * * *
You hear some strange, mumbled words.
Something tries to affect you, but you resist.
You see here a +0 robe.
A magic dart appears from out of thin air!
The magic dart hits you.
You die...

...........#...#
...........#†#######
...........#.oo.o..#
....##############.#
.... #.o...# ...
#o##### ## #.#
######{#
###<.@.#.########
#....#[#.........
#....+..{.....###
#########
#....########.#
........# #....+ #
........# #....#
....†...####....#
........#.......#
............###.#


There were no monsters in sight!

Vanquished Creatures
  A hound (D:4)
  Ijyb (D:3)
  An iguana (D:4)
  A scorpion zombie (D:4)
  3 adders
  2 worms
  A dart slug (D:2)
  An orc (D:3)
  6 ball pythons
  7 endoplasms
  4 giant cockroaches
  8 goblins
  5 hobgoblins
  3 jackals (D:2)
  6 quokkas
  4 bats
  5 frilled lizards
  6 kobolds
  10 rats
75 creatures vanquished.

Vanquished Creatures (others)
  7 plants (D:3)
7 creatures vanquished.

Grand Total: 82 creatures vanquished

Notes
Turn   | Place    | Note
-------+----------+-------------------------------------------
     0 | D:1      | zeram the Deep Elf Brigand began the quest for the Orb.
     0 | D:1      | Reached XP level 1. HP: 12/12 MP: 3/3
    70 | D:1      | Reached skill level 1 in Spellcasting
   274 | D:1      | Reached XP level 2. HP: 16/16 MP: 7/7
   933 | D:2      | Reached XP level 3. HP: 17/20 MP: 9/9
  1914 | D:3      | Found a basalt altar of Yredelemnul.
  2174 | D:3      | Reached XP level 4. HP: 25/25 MP: 11/11
  2218 | D:3      | Noticed Ijyb
  2253 | D:3      | Paralysed by Ijyb for 5 turns
  2269 | D:3      | Paralysed by Ijyb for 5 turns
  2275 | D:3      | Killed Ijyb
  2960 | D:4      | Noticed Sigmund
  2978 | D:4      | Reached XP level 5. HP: 29/29 MP: 13/13
  3388 | D:4      | Killed from afar by an orc wizard

Illustrated notes

Levels and vault maps discovered:
D:1:      minmay_arrival_plants_in_alcoves, layout_rooms, serial_curves,
          eino_curves_02, eino_curves_03, eino_curves_03, eino_curves_02
D:2:      layout_basic
D:3:      layout_basic, mainiacjoe_overflow_alcove_1, serial_bayou,
          serial_bayou_pond_b, serial_bayou_pond_c, serial_bayou_crossing,
          serial_bayou_ford_a, serial_bayou_shore_a, serial_bayou_shore_b,
          uniq_ijyb
D:4:      layout_basic, uniq_sigmund

Skill      XL: |  1  2  3  4 |
---------------+-------------+-----
Spellcasting   | 2 3 4 |  4.9
Dodging        | 2 4 |  4.8
Fighting       | |  1.5
Short Blades   | |  2.0
Throwing       | |  2.0
Stealth        | |  4.8

Action                   |  1- 3 |  4- 6 || total
-------------------------+-------+-------++-------
Melee: Dagger            |   139 |   138 ||   277
  Use: Scroll            |     2 |     1 ||     3
       Potion            |     2 |     3 ||     5
 Stab: Sleeping          |    12 |     5 ||    17
Armor: Robe              |    34 |    38 ||    72
Dodge: Dodged            |    87 |    83 ||   170
